 Dungeon Crawl Stone Soup version 0.30-a0-585-g93115170b9 (webtiles) character file.

Game seed: 10944147491264852950

30 lunkers the Grasshopper (level 3, -1/29 HPs)
             Began as a Meteoran Warper on Jan 2, 2023.
             Succumbed to an adder's poison
             ... on level 2 of the Dungeon.
             The game lasted 00:01:14 (428 turns).

lunkers the Grasshopper (Meteoran Warper)            Turns: 428, Time: 00:01:15

Health: -1/29      AC:  3    Str: 14    XL:     3   Next: 55%
Magic:  8/8        EV: 12    Int: 15    God:
Gold:   56         SH:  0    Dex: 13    Spells: 2/7 levels left

rFire   . . .      SeeInvis .    a - +0 mace
rCold   . . .      Faith    .    (no shield)
rNeg    . . .      Spirit   .    b - +0 leather armour
rPois   .          Reflect  .    (no helmet)
rElec   .          Harm     .    (no cloak)
rCorr   .          Rampage  .    (no gloves)
Will    .....                    (no boots)
Stlth   +                        (no amulet)
HPRegen 0.24/turn                (no ring)
MPRegen 0.11/turn                (no ring)

@: lethally poisoned (-1 -> -6), glowing
A: sense surroundings 1, otherworldly, glowing, explore regen
a: no special abilities


You were on level 2 of the Dungeon.
You visited 1 branch of the dungeon, and saw 2 of its levels.

You collected 56 gold pieces.

Inventory:

Hand Weapons
 a - a +0 mace (weapon)
Missiles
 d - 7 boomerangs of dispersal
 i - 5 boomerangs
Armour
 b - a +0 leather armour (worn)
Scrolls
 c - a scroll of blinking
 f - a scroll of vulnerability {unknown}
 h - a scroll of fear {unknown}
 j - a scroll of teleportation {unknown}
Potions
 e - a potion of flight {unknown}
 g - a potion of curing {unknown}


   Skills:
 - Level 2.1 Fighting
 * Level 4.1 Maces & Flails
 - Level 1.2 Throwing
 - Level 1.2 Armour
 - Level 2.4 Dodging
 - Level 2.6 Spellcasting
 + Level 4.1 Translocations
 + Level 0.3 Air Magic


You had 2 spell levels left.
You knew the following spells:

 Your Spells              Type           Power      Damage    Failure   Level
b - Blink                 Tloc           28%        N/A       7%          2
c - Vhi's Electric Charg  Tloc/Air       16%        N/A       30%         3

Your spell library contained the following spells:

 Spells                   Type           Power      Damage    Failure   Level
 Lesser Beckoning         Tloc           28%        N/A       14%         3
 Teleport Other           Tloc           14%        N/A       14%         3
 Manifold Assault         Tloc           14%        N/A       43%         4


Dungeon Overview and Level Annotations

Branches:
Dungeon (2/15) Zot: 754

Altars:

Shops:
D:1 :


Innate Abilities, Weirdness & Mutations

You passively map a small area around you.
You are easily found by Zot.
You glow in the dark.
You regain HP and MP as you explore.


Message History

The adder is moderately wounded.
You feel sick.
You are no longer poisoned.
The adder misses you. The hobgoblin hits you.
* * * LOW HITPOINT WARNING * * *
The adder barely misses you. The hobgoblin closely misses you.
You closely miss the adder.
The adder is moderately wounded.
The adder bites you.
* * * LOW HITPOINT WARNING * * *
You are poisoned.
The adder poisons you! The hobgoblin barely misses you.
You hit the adder but do no damage.
The adder is moderately wounded.
You feel sick. The adder bites you.
* * * LOW HITPOINT WARNING * * *
The adder barely misses you.
The hobgoblin hits you but does no damage.
You aren't carrying any items that you can evoke.
Unknown command.
You closely miss the adder.
The adder is moderately wounded.
You feel sick. The adder closely misses you. The hobgoblin barely misses you.
The adder closely misses you.
You hit the adder.
The adder is heavily wounded.
You feel sick. The hobgoblin closely misses you.
The adder bites you but does no damage.
You miss the adder.
The adder is heavily wounded.
You feel sick.
You are no longer poisoned.
The adder misses you. The hobgoblin barely misses you. The adder bites you.
* * * LOW HITPOINT WARNING * * *
You are lethally poisoned!
The adder poisons you! The hobgoblin hits you.
* * * LOW HITPOINT WARNING * * *
You sock the adder!
You kill the adder!
You die...

, , , #....# ,
#........##†...# , *
* +.....?..++....+,
**#........##....# *
* #.........+<...#
#...>.....#....##
#.........#.†...##
####..g......#......#
..?...†@.....#....#.#
.####.##............#
#,#.............#
+..............# *
#..............#
,#..............#
**##.............#
#.............#* *
#..............


You could see a hobgoblin.

Vanquished Creatures
  An adder (D:2)
  3 dart slugs (D:1)
  An endoplasm (D:1)
  6 hobgoblins
  A quokka (D:1)
  6 ball pythons (D:1)
  2 bats
  A kobold (D:1)
  3 rats
24 creatures vanquished.

Notes
Turn   | Place    | Note
-------+----------+-------------------------------------------
     0 | D:1      | lunkers the Meteoran Warper began the quest for the Orb.
     0 | D:1      | Reached XP level 1. HP: 17/17 MP: 5/5
    73 | D:1      | Reached XP level 2. HP: 15/24 MP: 6/6
   101 | D:1      | Learned a level 2 spell: Blink
   282 | D:1      | Reached XP level 3. HP: 19/29 MP: 8/8
   292 | D:1      | Learned a level 3 spell: Vhi's Electric Charge
   307 | D:1      | Found Fesog's Book Shop.
   427 | D:2      | HP: 1/29 [hobgoblin (2)]
   428 | D:2      | Succumbed to an adder's poison

Illustrated notes

Levels and vault maps discovered:
D:1:      reono_arrival_mine, layout_basic, serial_shops, nicolae_diamond_shop,
          serial_glass, glass_columns_a, glass_columns_a, glass_columns_b,
          glass_columns_b, glass_columns_c, glass_columns_a, st_stairs_14
D:2:      layout_basic

Skill      XL: |  1  2  3 |
---------------+----------+-----
Maces & Flails | 3 4 |  4.1
Translocations | 4 |  4.1
Fighting       | |  2.1
Throwing       | |  1.2
Armour         | |  1.2
Dodging        | |  2.4
Spellcasting   | |  2.6
Air Magic      | |  0.3

Action                   || total
-------------------------++-------
Melee: Mace              ||    83
       Punch             ||     1
Armor: Leather armour    ||    28
Dodge: Dodged            ||    55

Table legend: (Time is in decaauts)
 A = Elapsed time spent in this place.
 B = Non-inter-level travel time spent in this place.
 C = Inter-level travel time spent in this place.
 D = Time resting spent in this place.
 E = Time spent auto-exploring this place.
 F = Levels seen in this place.
 G = Mean time per level.
                   A        B        C        D        E       F      G
               +--------+--------+--------+--------+--------+-----+--------+
         Total |    446 |    427 |     19 |      0 |    252 |   2 |  223.0 |
       Dungeon |    446 |    427 |     19 |      0 |    252 |   2 |  223.0 |
               +--------+--------+--------+--------+--------+-----+--------+

Top non-repeatable levels by time:
     D:1: 401 daAuts
     D:2: 44 daAuts
